 Dungeon Crawl Stone Soup version 0.29.1-13-g9f3cf754e1 (webtiles) character file.

Game seed: 17266339917271406260

31 tizbic2 the Grave Robber (level 3, -14/33 HPs)
             Began as an Ogre Necromancer on Feb 6, 2023.
             Killed by an exploding kobold (44 damage)
             ... ignited by their inner flame
             ... on level 2 of the Dungeon.
             The game lasted 00:05:29 (1881 turns).

tizbic2 the Grave Robber (Ogre Necromancer)         Turns: 1881, Time: 00:05:29

Health: -14/33     AC:  3    Str: 12    XL:     3   Next: 22%
Magic:  7/7        EV:  9    Int: 18    God:
Gold:   45         SH:  0    Dex:  9    Spells: 4/8 levels left

rFire   . . .      SeeInvis .   f - +0 club
rCold   . . .      Faith    .   (no shield)
rNeg    . . .      Spirit   .   a - +0 robe
rPois   .          Reflect  .   (helmet restricted)
rElec   .          Harm     .   (no cloak)
rCorr   .          Rampage  .   (gloves unavailable)
Will    .....                   (boots unavailable)
Stlth   +.........              (no amulet)
HPRegen 0.11/turn               (no ring)
MPRegen 0.10/turn               (no ring)

@: no status effects
A: large, unfitting armour, tough skin 1
a: no special abilities


You were on level 2 of the Dungeon.
You visited 1 branch of the dungeon, and saw 2 of its levels.

You collected 45 gold pieces.

Inventory:

Hand Weapons
 f - a +0 club (weapon)
 l - a +0 dagger
Missiles
 c - 8 poisoned darts
 k - 8 stones
 o - 5 boomerangs
 r - 3 atropa-tipped darts
Armour
 a - a +0 robe (worn)
Jewellery
 q - a ring of ice
Scrolls
 d - a scroll of teleportation {unknown}
 h - 2 scrolls of noise
 j - a scroll of immolation
 p - a scroll of identify {unknown}
 s - a scroll of amnesia {unknown}
Potions
 b - a potion of magic
 e - a potion of haste {unknown}
 g - a potion of curing
 i - 2 potions of flight {unknown}
 m - a potion of might {unknown}
 n - a potion of lignification {unknown}


   Skills:
 + Level 1.4 Fighting
 + Level 0.6 Maces & Flails
 - Level 1.7 Dodging
 - Level 1.4 Stealth
 * Level 3.2 Spellcasting
 + Level 3.8 Necromancy


You had 4 spell levels left.
You knew the following spells:

 Your Spells              Type           Power      Damage    Failure   Level
a - Necrotise             Necr           64%        1d7       3%          1
b - Vampiric Draining     Necr           16%        2d7       10%         3

Your spell library contained the following spells:

 Spells                   Type           Power      Damage    Failure   Level
 Animate Dead             Necr           16%        N/A       32%         4
 Agony                    Necr           16%        N/A       67%         5


Dungeon Overview and Level Annotations

Branches:
Dungeon (2/15)

Altars:


Innate Abilities, Weirdness & Mutations

You are too large for most types of armour.
You have tough skin. (AC +1)


Message History

The spell is quite dangerous to miscast (10% risk of failure)!
Continue anyway?
Aiming: Vampiric Draining (quite dangerous; 10% risk of failure)
Press: ? - help, Shift-Dir - straight line, f/p - worm
Aim: a worm (heavily wounded)
You draw life force from the worm!
You kill the worm!
You feel life coursing into your body.
You see here a worm corpse.
There is a stone staircase leading down here.
Found a stone staircase leading up.
There is a stone staircase leading up here.
HP restored.
Found a leather armour.
A rat comes into view.
Found a pair of gloves.
The rat bites you but does no damage.
You hit the rat.
You kill the rat!
Found 3 atropa-tipped darts.
You see here a +0 pair of gloves.
You see here 3 atropa-tipped darts.
r - 3 atropa-tipped darts You see here a +0 pair of gloves.
Found a scroll labelled XOFAONI ZIBBIOPH.
Found a stone staircase leading down.
A kobold comes into view. It is wielding a +0 club.
The kobold throws a stone.
The stone closely misses you.
You see here a scroll labelled XOFAONI ZIBBIOPH.
The kobold throws a stone.
The stone hits you but does no damage.
You see here a scroll labelled XOFAONI ZIBBIOPH.
s - a scroll labelled XOFAONI ZIBBIOPH
As you read the scroll labelled PAIPTODUXU, it crumbles to dust.
The creatures around you are filled with an inner flame!
It was a scroll of immolation.
The kobold hits you with a +0 club.
You hit the kobold.
The kobold explodes!
The fiery explosion engulfs you!!!
Ouch! That really hurt!
You die...

#......#
#......#
#..##### #
#..#######
#.##........#
...........#.#
...........#
#......§§§..#
.>......)@..#
##.....§.§..#
#..........#
#..........#
..........#
..........#
..........#
#+##...#.##
#.###.#


There were no monsters in sight!

Vanquished Creatures
  A worm (D:2)
  4 bats
  3 endoplasms (D:1)
  5 goblins (D:1)
  3 hobgoblins
  3 quokkas (D:1)
  2 frilled lizards (D:1)
  2 kobolds
  2 rats
25 creatures vanquished.

Notes
Turn   | Place    | Note
-------+----------+-------------------------------------------
     0 | D:1      | tizbic2 the Ogre Necromancer began the quest for the Orb.
     0 | D:1      | Reached XP level 1. HP: 16/16 MP: 3/3
   513 | D:1      | Reached XP level 2. HP: 20/26 MP: 5/5
   720 | D:1      | Found a faded altar of an unknown god.
   757 | D:1      | Reached skill level 1 in Fighting
  1371 | D:2      | Reached XP level 3. HP: 27/33 MP: 5/7
  1395 | D:2      | Learned a level 3 spell: Vampiric Draining
  1881 | D:2      | Killed by an exploding kobold... ignited by their inner
                  | flame

Illustrated notes

Levels and vault maps discovered:
D:1:      lightli_arrival_farm, layout_basic,
          hellmonk_ecumenical_altar_inner_sanctum
D:2:      layout_basic

Skill      XL: |  1  2 |
---------------+-------+-----
Fighting       | 1 |  1.4
Spellcasting   | 3 |  3.2
Maces & Flails | |  0.6
Dodging        | |  1.7
Stealth        | |  1.4
Necromancy     | |  3.8

Action                   || total
-------------------------++-------
Melee: Club              ||    60
       Unarmed           ||    11
       Dagger            ||    31
       Punch             ||     1
Throw: Dart              ||     1
 Cast: Necrotise         ||    20
       Vampiric Draining ||     3
  Use: Scroll            ||     2
       Potion            ||     1
 Stab: Sleeping          ||     2
Armor: Robe              ||    57
Dodge: Dodged            ||    79
